 Dungeon Crawl Stone Soup version 0.27-a0-1273-gec92ba881d (webtiles) character file.

Game seed: 17084705275213765171

312 robertstho the Chopper (level 6, -1/56 HPs)
             Began as a Minotaur Berserker on June 11, 2021.
             Was a Believer of Trog.
             Slain by a gnoll
             ... wielding a +0 halberd
              (12 damage)
             ... on level 4 of the Dungeon.
             The game lasted 00:02:55 (3159 turns).

robertstho the Chopper (Minotaur Berserker)         Turns: 3159, Time: 00:02:56

Health: -1/56      AC:  8    Str: 23    XL:     6   Next: 18%
Magic:  5/5        EV: 11    Int:  5    God:    Trog [**....]
Gold:   149        SH:  0    Dex:  9    Spells: 5/5 levels left

rFire    . . .     SeeInvis .   a - +1 hand axe
rCold    . . .     Faith    .   (no shield)
rNeg     . . .     Spirit   .   f - +0 ring mail
rPois    .         Reflect  .   (helmet restricted)
rElec    .         Harm     .   (no cloak)
rCorr    +         Rampage  .   m - +1 pair of gloves
Will     ++...                  (no boots)
Stlth    ..........             b - amulet of the acrobat
HPRegen  1.18/turn              n - ring of resist corrosion
MPRegen  0.09/turn              (no ring)

@: strong-willed, regenerating
A: horns 2, retaliatory headbutt
a: Renounce Religion, Berserk, Trog's Hand


You were on level 4 of the Dungeon.
You worshipped Trog.
Trog was pleased with you.
You visited 1 branch of the dungeon, and saw 4 of its levels.

You collected 149 gold pieces.

Inventory:

Hand Weapons
 a - a +1 hand axe (weapon)
Armour
 f - a +0 ring mail (worn)
 m - a +1 pair of gloves (worn)
Jewellery
 b - an amulet of the acrobat (around neck)
 n - a ring of resist corrosion (left hand)
Scrolls
 h - a scroll of noise
 o - a scroll of identify {unknown}
Potions
 c - 2 potions of attraction {unknown}
 d - 3 potions of curing {unknown}
 e - a potion of invisibility
 g - a potion of brilliance {unknown}
 i - 2 potions of flight {unknown}


   Skills:
 * Level 5.3 Fighting
 + Level 5.5 Axes
 * Level 4.8 Armour
 + Level 3.0 Dodging
 + Level 0.2 Stealth


You had 5 spell levels left.
You didn't know any spells.
Your spell library was empty.

Dungeon Overview and Level Annotations

Branches:
Dungeon (4/15)
 Temple: D:4-7

Altars:
Nemelex Xobeh

Annotations:
D:3 2 transporters


Innate Abilities, Weirdness & Mutations

You have a pair of horns on your head.
You reflexively headbutt those who attack you in melee.


Message History

You are too injured to fight recklessly!
You hit the water moccasin but do no damage.
You headbutt the water moccasin, but do no damage.
The water moccasin is almost dead.
You feel sick. The water moccasin barely misses you.
You slash the water moccasin!
You kill the water moccasin!
Trog accepts your kill.
You feel sick.
Your Dodging skill increases to level 3!
You have reached level 6!
Your experience leads to an increase in your attributes!
Increase (S)trength, (I)ntelligence, or (D)exterity?
You feel stronger.
You feel sick.
Things that are here:
a +0 short sword; a kobold corpse A gnoll comes into view.
It is wielding a +0 halberd.
You feel sick.
You feel sick.
A gnoll is nearby!
Your skin crawls.
You feel strong-willed.
You feel sick.
Cleave: a) +0 hand axe
Press: ? - help, Dir - move target, f - you
Okay, then.
You aren't carrying any items that you can evoke.
As you read the scroll labelled TESKELOL LICK, it crumbles to dust.
It is a scroll of enchant weapon.
Your +0 hand axe glows red for a moment.
You feel sick.
As you read the scroll labelled KAMOIF BOZOR, it crumbles to dust.
You speak a Word of immense power!
It was a scroll of holy word.
You feel sick.
You are no longer poisoned.
As you read the scroll labelled AHOFFA FEUHALEE, it crumbles to dust.
It is a scroll of enchant armour.
Your +0 pair of gloves glows green for a moment.
The gnoll hits you from afar with a +0 halberd!
You die...

##.. #...#
#...####...#
#........#
###..#####
###.###.<#
.........#
#.######g##
#..####
##@.).##
####.†#
##.).....
##..... ....
... .. .


You could see a gnoll.

Vanquished Creatures
  A water moccasin (D:4)
  A phantom (D:3)
  Natasha (D:2)
  2 adders (D:2)
  2 worms (D:2)
  2 dart slugs
  6 orcs (D:3)
  6 ball pythons
  2 bats (D:2)
  6 endoplasms
  2 giant cockroaches
  7 goblins
  3 hobgoblins
  11 jackals
  4 quokkas
  4 frilled lizards
  7 kobolds
  4 rats
71 creatures vanquished.

Notes
Turn   | Place    | Note
-------+----------+-------------------------------------------
     0 | D:1      | robertstho the Minotaur Berserker began the quest for the
                  | Orb.
     0 | D:1      | Reached XP level 1. HP: 19/19 MP: 0/0
   319 | D:1      | Reached XP level 2. HP: 27/27 MP: 1/1
  1158 | D:2      | Reached XP level 3. HP: 33/34 MP: 2/2
  1272 | D:2      | Reached ** piety under Trog
  1316 | D:2      | Found a sparkling altar of Nemelex Xobeh.
  1706 | D:2      | Found a faded altar of an unknown god.
  1744 | D:2      | Noticed Natasha
  1747 | D:2      | Killed Natasha
  1748 | D:2      | Reached XP level 4. HP: 41/41 MP: 3/3
  2365 | D:3      | Noticed a phantom
  2377 | D:3      | Killed a phantom
  2378 | D:3      | Reached skill level 5 in Fighting
  2378 | D:3      | Reached skill level 5 in Axes
  2378 | D:3      | Reached XP level 5. HP: 40/48 MP: 4/4
  2820 | D:3      | Found a transporter.
  2820 | D:3      | Noticed an ogre
  2827 | D:3      | Found a sparkling altar of Nemelex Xobeh.
  2944 | D:3      | Found a transporter.
  3138 | D:4      | Noticed a water moccasin
  3152 | D:4      | Killed a water moccasin
  3153 | D:4      | Reached XP level 6. HP: 12/56 MP: 5/5
  3159 | D:4      | Slain by a gnoll

Illustrated notes

Levels and vault maps discovered:
D:1:      sevenhm_arrival_forest_fort_small_4, layout_basic, serial_rivers,
          chequers_serial_rivers_micro_a, chequers_serial_rivers_micro_b,
          chequers_serial_rivers_micro_a, chequers_serial_rivers_micro_a,
          chequers_serial_rivers_small_3, grunt_decor_cap
D:2:      layout_basic, shapermc_ecumenical_altar_mp_ritualfount, basic_altar,
          uniq_natasha
D:3:      layout_basic, gammafunk_temple_overflow_arena
D:4:      layout_rooms, uniq_robin

Skill      XL: |  1  2  3  4  5 |
---------------+----------------+-----
Fighting       | 4 5 |  5.3
Axes           | 4 5 |  5.5
Armour         | 3 4 |  4.8
Dodging        | 3 |  3.0
Stealth        | |  0.2

Action                   |  1- 3 |  4- 6 || total
-------------------------+-------+-------++-------
Melee: Hand axe          |    72 |    71 ||   143
       Headbutt          |    13 |    10 ||    23
Invok: Berserk           |     1 |     2 ||     3
       Trog's Hand       |       |     1 ||     1
  Use: Scroll            |       |     4 ||     4
Armor: Animal skin       |     3 |       ||     3
       Ring mail         |    19 |    22 ||    41
Dodge: Dodged            |    45 |    34 ||    79

Table legend: (Time is in decaauts)
 A = Elapsed time spent in this place.
 B = Non-inter-level travel time spent in this place.
 C = Inter-level travel time spent in this place.
 D = Time resting spent in this place.
 E = Time spent auto-exploring this place.
 F = Levels seen in this place.
 G = Mean time per level.
                   A        B        C        D        E       F      G
               +--------+--------+--------+--------+--------+-----+--------+
         Total |   3206 |   3147 |     59 |    309 |   2433 |   4 |  801.5 |
       Dungeon |   3206 |   3147 |     59 |    309 |   2433 |   4 |  801.5 |
               +--------+--------+--------+--------+--------+-----+--------+

Top non-repeatable levels by time:
     D:1: 1163 daAuts
     D:2: 1140 daAuts
     D:3: 869 daAuts
     D:4: 32 daAuts
